 Dungeon Crawl Stone Soup version 0.18-a0-822-gb52b7b4 (webtiles) character file.

66 root the Digger (level 3, 23/26 HPs)
             Began as a Draconian Earth Elementalist on Dec 16, 2015.
             Quit the game on level 2 of the Dungeon.
             The game lasted 00:14:17 (2088 turns).

root the Digger (Draconian Earth Elementalist)      Turns: 2088, Time: 00:14:17

Health: 23/26      AC:  5    Str: 10    XL:     3   Next: 96%
Magic:  0/7        EV: 12    Int: 22    God:
Gold:   59         SH:  0    Dex: 11    Spells: 2 memorised, 4 levels left

rFire  . . .     SeeInvis .     a - 14 stones
rCold  . . .     Gourm    .     (armour unavailable)
rNeg   . . .     Faith    .     (no shield)
rPois  .         Spirit   .     (helmet restricted)
rElec  .         Dismiss  .     (no cloak)
rCorr  .         Reflect  .     (no gloves)
SustAt .         Harm     .     (no boots)
MR     .....                    (no amulet)
Stlth  ++........               h - ring of stealth
                                e - +6 ring of intelligence

@: very slightly contaminated, drained, not resistant to hostile enchantments,
unstealthy
A: unfitting armour, cold-blooded, AC +5
a: no special abilities


You were on level 2 of the Dungeon.
You were not hungry.

You visited 1 branch of the dungeon, and saw 2 of its levels.

You collected 59 gold pieces.

Inventory:

Missiles
 a - 14 stones (in hand)
Jewellery
 e - a +6 ring of intelligence (left hand)
 h - a ring of stealth (right hand)
Wands
 n - a wand of flame (24)
Scrolls
 d - 3 scrolls of enchant weapon {unknown}
 i - a scroll of amnesia {unknown}
 j - 6 scrolls of identify {unknown}
 k - a scroll of teleportation {unknown}
 l - a scroll of random uselessness {unknown}
Potions
 f - 2 potions of agility {unknown}
 m - a potion of might {unknown}
Books
 b - a book of Geomancy

   Spells                             Type                      Level
   a - Sandblast                      Earth                        1
   b - Stoneskin                      Transmutation/Earth          2
   c - Passwall                       Transmutation/Earth          3
   d - Stone Arrow                    Conjuration/Earth            3
   e - Petrify                        Transmutation/Earth          4
   f - Lee's Rapid Deconstruction     Earth                        5
Comestibles
 c - 4 bread rations
 g - a chunk of flesh


   Skills:
 + Level 2.1(1.5) Dodging
 - Level 1.7(1.1) Stealth
 + Level 0.4(0.0) Unarmed Combat
 + Level 2.9(2.2) Spellcasting
 + Level 1.0(0.4) Transmutations
 + Level 3.9(3.2) Earth Magic


You had 4 spell levels left.
You knew the following spells:

 Your Spells              Type           Power        Failure   Level  Hunger
a - Sandblast             Erth           ###...       4%          1    #......
b - Stoneskin             Trmt/Erth      ##......     12%         2    ##.....


Dungeon Overview and Level Annotations

Branches:
Dungeon (2/15)

Altars:

Annotations:
D:2 Terence


Innate Abilities, Weirdness & Mutations

Your plain brown scales are hard (AC +5).
Your body does not fit into most forms of armour.
You are cold-blooded and may be slowed by cold attacks.


Message History

Confirm with . or Enter, or press ? or * to list all spells.
Aiming: Sandblast
Press: ? - help, Shift-Dir - straight line, f/p - Terence
Aim: Terence, wielding a mace and wearing a runed chain mail The rocky blast hits Terence.
Terence is lightly wounded.
Terence closely misses you.
Casting: Sandblast
Confirm with . or Enter, or press ? or * to list all spells.
Aiming: Sandblast
Press: ? - help, Shift-Dir - straight line, f/p - Terence
Aim: Terence, wielding a mace and wearing a runed chain mail (lightly wounded)
You miscast Sandblast.
You feel earthy. Terence hits you but does no damage.
Casting: Sandblast
Confirm with . or Enter, or press ? or * to list all spells.
You don't have enough magic to cast that spell.
Unknown command.
Quiver which item? (- for none, * to show all) (? for menu, Esc to quit)
Okay, then.
Are you sure you want to abandon this character and quit the game? (Confirm with "yes".)

##.####.###.#########
# #.......###.#######
#
#...###............#
# # #..###.#####.# #
#..###.#####.# #
#............# #
#..########..# #
#..#### #..######
#...@.# #..?..s.#
#.###@# ##.####.# #
#.###.######.# # #
#.>..........# #.###
#####.#####..# #.#..
#.# #.## #.... #.#
#.# ####.. #.#
##.####..... ...
.......)....


You could see Terence.

Vanquished Creatures
  Robin (D:1)
  An adder (D:2)
  A giant gecko (D:2)
  17 goblins
  10 hobgoblins
  4 kobolds (D:1)
  A bat (D:1)
  3 giant newts (D:1)
  5 rats
43 creatures vanquished.

Notes
Turn   | Place    | Note
--------------------------------------------------------------
     0 | D:1      | root the Draconian Earth Elementalist began the quest for the Orb.
     0 | D:1      | Reached XP level 1. HP: 14/14 MP: 3/3
   456 | D:1      | Reached XP level 2. HP: 20/20 MP: 3/5
  1230 | D:2      | Noticed Robin
  1243 | D:2      | Reached XP level 3. HP: 26/26 MP: 0/6
  1552 | D:1      | Killed Robin
  2013 | D:2      | Noticed Terence
  2020 | D:2      | Learned a level 2 spell: Stoneskin
  2088 | D:2      | Quit the game

Vault maps used:
D:1:      dpeg_arrival_concentric_ovals, glass_columns_b
D:2:      fedhas_altar_1, uniq_robin, uniq_terence

Action                   || total
-------------------------++-------
Melee: Unarmed           ||    22
 Cast: Sandblast         ||   106
  Eat: Chunk             ||     5
